 Dungeon Crawl Stone Soup version 0.29.1-15-g9cfb28693d (webtiles) character file.

Game seed: 17063457329129252930

8358 redmage the Thaumaturge (level 11, -4/77 HPs)
             Began as a Meteoran Earth Elementalist on Sept 13, 2023.
             Was a Believer of Sif Muna.
             Killed by the air
             ... invoked by a wind drake
              (17 damage)
             ... on level 3 of the Lair of Beasts.
             The game lasted 01:01:10 (3871 turns).

redmage the Thaumaturge (MeEE)                      Turns: 3871, Time: 01:01:10

Health: -4/77      AC:  9    Str: 10    XL:     11   Next: 83%
Magic:  1/28       EV: 12    Int: 22    God:    Sif Muna [**....]
Gold:   865        SH:  0    Dex: 15    Spells: 18/35 levels left

rFire   + . .      SeeInvis .   q - +10 quarterstaff of Disharmony {freeze, Int+4}
rCold   . . .      Faith    .   (shield currently unavailable)
rNeg    . . .      Spirit   .   K - +0 troll leather armour
rPois   .          Reflect  .   k - +1 helmet
rElec   .          Harm     .   E - +2 cloak
rCorr   .          Rampage  .   (no gloves)
Will    +++..      Rage     50% (no boots)
Stlth   +.........              A - necklace of Bloodlust {*Rage Will++ Int-3 Slay+6}
HPRegen 1.02/turn               I - +4 ring of slaying
MPRegen 0.21/turn               u - ring of Existentialism {Wiz rF+}

@: glowing
A: sense surroundings 2, otherworldly, glowing, explore regen
a: Renounce Religion, Channel Magic


You were on level 3 of the Lair of Beasts.
You worshipped Sif Muna.
Sif Muna was pleased with you.
You visited 4 branches of the dungeon, and saw 18 of its levels.
You also visited: Ossuary.

You collected 898 gold pieces.
You spent 33 gold pieces at shops.

Inventory:

Hand Weapons
 q - the +10 quarterstaff of Disharmony (weapon) {freeze, Int+4}
   (You found it on level 1 of the Lair of Beasts)

   It freezes those it strikes, dealing additional cold damage.
   It can also slow down cold-blooded creatures.
   Int:       It affects your intelligence (+4).
 z - a +2 flail of protection
Missiles
 a - 6 curare-tipped darts
Armour
 d - a +1 ring mail of fire resistance
 k - a +1 helmet (worn)
 E - a +2 cloak (worn)
 K - a +0 troll leather armour (worn)
Magical Staves
 e - a staff of fire
Jewellery
 c - a ring of resist corrosion
 u - the ring of Existentialism (right hand) {Wiz rF+}
   (You acquired it on level 10 of the Dungeon)

   [ring of wizardry]

   It improves your spell success rate.
   rF:        It protects you from fire.
 A - the necklace of Bloodlust (around neck) {*Rage Will++ Int-3 Slay+6}
   (You found it on level 3 of the Lair of Beasts)

   [amulet of nothing]

   It extends the wearer's berserk rage when killing foes.
   Int:       It affects your intelligence (-3).
   Slay:      It affects your accuracy & damage with ranged weapons and melee
   (+6).
   *Rage:     It berserks you when you make melee attacks (+50% chance).
   Will:      It greatly increases your willpower.
 I - a +4 ring of slaying (left hand)
Wands
 i - a wand of flame (32) (quivered)
 o - a wand of mindburst (8)
 r - a wand of charming (3)
 F - a wand of iceblast (13)
Scrolls
 h - 5 scrolls of teleportation
 p - a scroll of summoning
 v - 4 scrolls of poison
 x - a scroll of amnesia
 y - a scroll of enchant armour
 D - a scroll of fog
 G - a scroll of immolation
 J - a scroll of fear
Potions
 b - a potion of magic
 f - 2 potions of heal wounds
 j - a potion of brilliance
 l - 7 potions of curing
 m - 4 potions of mutation {unknown}
 n - 2 potions of degeneration {unknown}
 s - 4 potions of might {unknown}
 t - 3 potions of berserk rage {unknown}
 w - 3 potions of invisibility {unknown}
 B - 2 potions of haste {unknown}
 C - a potion of lignification
 H - 2 potions of resistance {unknown}
Miscellaneous
 M - a phantom mirror


   Skills:
 - Level 1.1 Fighting
 - Level 2.4 Short Blades
 + Level 3.0 Armour
 - Level 2.5 Dodging
 - Level 2.4 Stealth
 + Level 12.6 Spellcasting
 - Level 5.0 Conjurations
 + Level 7.8 Translocations
 - Level 1.3 Transmutations
 - Level 10.1 Earth Magic
 + Level 8.4 Invocations


You had 18 spell levels left.
You knew the following spells:

 Your Spells              Type           Power      Damage    Failure   Level
a - Sandblast             Erth           100%       2d20      1%          1
b - Passwall              Tmut/Erth      32%        N/A       1%          2
c - Stone Arrow           Conj/Erth      94%        3d12      1%          3
d - Petrify               Tmut/Erth      39%        N/A       2%          4
e - Tukima's Dance        Hex            13%        N/A       8%          3
z - Passage of Golubria   Tloc           48%        N/A       1%          4

Your spell library contained the following spells:

 Spells                   Type           Power      Damage    Failure   Level
 Portal Projectile        Hex/Tloc       62%        N/A       1%          3
 Anguish                  Hex/Necr       6%         N/A       24%         4
 Blade Hands              Tmut           9%         N/A       36%         5
 Yara's Violent Unravell  Hex/Tmut       8%         3d5       45%         5
 Enfeeble                 Hex            6%         N/A       100%        7


Dungeon Overview and Level Annotations

Branches:
Dungeon (13/15) Zot: 4359  Temple (1/1) D:7 Zot: 522    Lair (3/5) D:10 Zot: 1609
 Shoals (0/4) Lair:3       Spider (0/4) Lair:3          Orc (1/2) D:12 Zot: 584
 Vaults (0/5) D:13        Ossuary (visited)

Altars:
Ashenzari
Cheibriados
Dithmenos
Elyvilon
Fedhas
Gozag
Hepliaklqana
Kikubaaqudgha
Makhleb
Nemelex Xobeh
Qazlal
Ru
Sif Muna
Trog
Vehumet
Wu Jian
Xom
The Shining One

Shops:
D:6 *   D:8 *   D:11 (

Portals:
Trove: D:10 (give 6 scrolls of fear)

Annotations:
D:5 Sigmund
D:9 1 transporter
D:10 Erolcha


Innate Abilities, Weirdness & Mutations

You passively map the area around you.
You are easily found by Zot.
You glow in the dark.
You regain HP and MP as you explore.


Message History

The wind drake exhales a fierce blast of wind!
You are blown backwards!
Unknown command.
Casting: Stone Arrow (safe; 1% risk of failure)
Confirm with . or Enter, or press ? or * to list all spells.
Aiming: Stone Arrow (safe; 1% risk of failure)
Press: ? - help, Shift-Dir - straight line, f - manticore, p - wind drake
Aim: a manticore (moderately wounded, 85% to hit)
The stone arrow hits the manticore.
The manticore is moderately wounded.
Unknown command.
Casting: Stone Arrow (safe; 1% risk of failure)
Confirm with . or Enter, or press ? or * to list all spells.
Aiming: Stone Arrow (safe; 1% risk of failure)
Press: ? - help, Shift-Dir - straight line, f - wind drake, p - manticore
Aim: a wind drake (almost dead, repelling missiles, catching its breath, 35% to hit)
The stone arrow misses the wind drake.
The wind drake flaps its wings at you. The air twists around and strikes you!
The manticore flicks its tail.
The volley of spikes hits you but does no damage.
Casting: Stone Arrow (safe; 1% risk of failure)
Confirm with . or Enter, or press ? or * to list all spells.
Aiming: Stone Arrow (safe; 1% risk of failure)
Press: ? - help, Shift-Dir - straight line, f/p - wind drake
Aim: a wind drake (almost dead, repelling missiles, 35% to hit)
The stone arrow misses the wind drake.
The wind drake flaps its wings at you. The air twists around and strikes you!!
* * * LOW HITPOINT WARNING * * *
Casting: Stone Arrow (safe; 1% risk of failure)
Confirm with . or Enter, or press ? or * to list all spells.
Aiming: Stone Arrow (safe; 1% risk of failure)
Press: ? - help, Shift-Dir - straight line, f/p - wind drake
Aim: a wind drake (almost dead, repelling missiles, 35% to hit)
The stone arrow hits the manticore!!
The manticore is severely wounded.
The wind drake flaps its wings at you. The air twists around and strikes you!
You die...

...#....###.## ....#
*,.>......##...###...#*
...#.....*#..P#....#
........###........##
,......H.##^#.#.#....#
,.###....########...P#
#.#....#######P...P##
#.......k..........#
............H.@....P#*
####..##...###..#####
###*##### ####


You could see a wind drake (repels missiles) and a manticore.

Vanquished Creatures
  A cyclops (D:12)
  A manticore (D:13)
  Maurice (D:8)
  A cane toad (Lair:3)
  A rime drake (Lair:3)
  A komodo dragon (Lair:3)
  2 trolls (D:12)
  A hornet (D:10)
  Prince Ribbit (D:8)
  3 yaks (Lair:1)
  A wraith (D:12)
  5 wyverns
  A basilisk (Lair:1)
  4 steam dragons
  A vampire mosquito (D:10)
  3 water moccasins
  5 orc warriors
  An ice beast (D:8)
  A black bear (D:4)
  2 ogres
  2 centaurs
  2 kobold brigands
  An elf zombie (Ossuary)
  2 bullfrogs
  2 scorpions
  11 wights
  7 killer bees
  2 centaur zombies (Ossuary)
  A hound (D:6)
  A gnoll bouda (D:7)
  3 jellies
  A human zombie (Ossuary)
  6 orc priests
  Crazy Yiuf (D:7)
  2 iguanas
  3 orc wizards
  2 mummies (Ossuary)
  4 gnolls (D:7)
  2 adders
  An ufetubus (D:5)
  An adder zombie (Ossuary)
  A worm (D:4)
  3 dart slugs
  23 orcs
  5 ball pythons
  4 endoplasms
  A giant cockroach (D:1)
  4 goblins
  5 hobgoblins (D:1)
  2 quokkas
  2 bats
  A frilled lizard (D:1)
  2 goblin zombies
  4 hobgoblin zombies (Ossuary)
  13 kobolds
  11 kobold zombies (Ossuary)
  7 orc zombies (Ossuary)
  A rat (D:1)
  A rat zombie (D:5)
184 creatures vanquished.

Vanquished Creatures (collateral kills)
  A wyvern (D:9)
  A howler monkey (D:9)
  An orc priest (D:12)
  An orc wizard (D:12)
  2 orcs (D:12)
6 creatures vanquished.

Vanquished Creatures (others)
  An orc (D:12)
  A fungus (Lair:1)
  A plant (Lair:3)
3 creatures vanquished.

Grand Total: 193 creatures vanquished

Notes
Turn   | Place    | Note
-------+----------+-------------------------------------------
     0 | D:1      | redmage the Meteoran Earth Elementalist began the quest for
                  | the Orb.
     0 | D:1      | Reached XP level 1. HP: 14/14 MP: 5/5
    23 | D:1      | Reached XP level 2. HP: 20/20 MP: 3/6
    24 | D:1      | Reached skill level 3 in Spellcasting
   123 | D:1      | Reached XP level 3. HP: 26/26 MP: 3/8
   156 | D:1      | Learned a level 2 spell: Passwall
   160 | D:1      | Learned a level 3 spell: Stone Arrow
   218 | D:2      | Found a hazy altar of Hepliaklqana.
   454 | D:3      | Found a shadowy altar of Dithmenos.
   541 | D:4      | Reached skill level 1 in Conjurations
   541 | D:4      | Reached XP level 4. HP: 33/33 MP: 6/10
   563 | D:4      | Found an opulent altar of Gozag.
   597 | D:4      | Reached skill level 4 in Spellcasting
   617 | D:5      | Entered Level 5 of the Dungeon
   617 | D:5      | Noticed a scorpion
   621 | D:5      | Killed a scorpion
   622 | D:5      | Reached skill level 5 in Earth Magic
   622 | D:5      | Reached XP level 5. HP: 29/38 MP: 8/12
   650 | D:6      | Found a broken altar of Ashenzari.
   751 | D:5      | Found a sand-covered staircase.
   760 | Ossuary  | Entered an ossuary
   775 | Ossuary  | Reached XP level 6. HP: 45/45 MP: 10/13
   868 | Ossuary  | Reached skill level 5 in Spellcasting
   895 | Ossuary  | Reached XP level 7. HP: 18/50 MP: 2/15
  1179 | D:5      | Noticed Sigmund
  1240 | D:7      | Found an ancient bone altar of Kikubaaqudgha.
  1241 | D:7      | You fall into a shaft and drop 3 floors!
  1241 | D:10     | Entered Level 10 of the Dungeon
  1257 | D:10     | Identified a scroll of acquirement
  1257 | D:10     | Acquired the ring of Existentialism {Wiz rF+}
  1258 | D:10     | Noticed a hornet
  1275 | D:10     | Learned a level 4 spell: Petrify
  1375 | D:10     | Found a portal to a secret trove of treasure.
  1408 | D:9      | Noticed a wyvern
  1411 | D:9      | Killed a wyvern
  1412 | D:9      | Reached skill level 6 in Spellcasting
  1412 | D:9      | Reached XP level 8. HP: 46/57 MP: 7/18
  1429 | D:10     | Noticed a troll
  1430 | D:10     | Noticed a basilisk
  1483 | D:7      | Found a radiant altar of Vehumet.
  1532 | D:7      | Noticed a steam dragon
  1544 | D:7      | Reached skill level 5 in Conjurations
  1549 | D:7      | Reached skill level 7 in Spellcasting
  1588 | D:7      | Killed a steam dragon
  1724 | D:6      | Found Bahyom's Serpentskin Sales.
  1730 | D:6      | Reached skill level 8 in Spellcasting
  1730 | D:6      | Gained mutation: You passively map the area around you.
                  | [Meteoran growth]
  1730 | D:6      | Reached XP level 9. HP: 58/62 MP: 14/22
  1738 | D:6      | Bought 4 curare-tipped darts for 33 gold pieces
  1756 | D:6      | Found a glowing golden altar of the Shining One.
  1788 | D:6      | Reached skill level 9 in Spellcasting
  2368 | D:7      | Reached skill level 10 in Earth Magic
  2419 | D:7      | Found a runed translucent door.
  2420 | D:7      | Noticed Crazy Yiuf
  2424 | D:7      | Killed Crazy Yiuf
  2517 | D:7      | Reached skill level 10 in Spellcasting
  2527 | D:7      | Learned a level 4 spell: Passage of Golubria
  2551 | D:7      | Reached skill level 1 in Fighting
  2597 | D:7      | Found a staircase to the Ecumenical Temple.
  2604 | Temple   | Entered the Ecumenical Temple
  2668 | Temple   | Became a worshipper of Sif Muna the Loreminder
  2695 | D:8      | Found Quicap's Elemental Accessories.
  2787 | D:8      | Reached XP level 10. HP: 71/71 MP: 25/25
  2840 | D:8      | Found a white marble altar of Elyvilon.
  2853 | D:8      | Reached skill level 1 in Translocations
  2853 | D:8      | Reached skill level 1 in Invocations
  2895 | D:8      | Noticed Maurice
  2913 | D:8      | Killed Maurice
  2930 | D:8      | Found a sparkling altar of Nemelex Xobeh.
  2951 | D:8      | Noticed Prince Ribbit
  2956 | D:8      | Reached skill level 11 in Spellcasting
  2968 | D:8      | Killed Prince Ribbit
  2969 | D:8      | Reached skill level 5 in Invocations
  3054 | D:10     | Reached skill level 5 in Translocations
  3084 | D:9      | Found a transporter.
  3090 | D:9      | Found a transporter.
  3156 | D:9      | Reached * piety under Sif Muna
  3280 | D:10     | Reached XP level 11. HP: 64/77 MP: 14/27
  3331 | D:10     | Found a staircase to the Lair.
  3391 | D:11     | Found Puosac's Weapon Boutique.
  3395 | D:10     | Noticed Erolcha
  3404 | D:12     | Noticed a cyclops
  3411 | D:12     | Killed a cyclops
  3412 | D:12     | Reached skill level 12 in Spellcasting
  3416 | D:12     | Learned a level 3 spell: Tukima's Dance
  3439 | D:13     | Noticed a manticore
  3456 | D:13     | Killed a manticore
  3457 | D:13     | Reached skill level 1 in Short Blades
  3460 | D:13     | Found a gate to the Vaults.
  3460 | D:13     | Noticed a +6 long sword
  3460 | D:13     | Noticed a +3 long sword
  3583 | D:12     | Reached skill level 1 in Armour
  3593 | D:12     | Found a staircase to the Orcish Mines.
  3604 | Orc:1    | Entered Level 1 of the Orcish Mines
  3610 | Orc:1    | Noticed an orc knight
  3683 | Lair:1   | Entered Level 1 of the Lair of Beasts
  3685 | Lair:1   | Identified the +10 quarterstaff of Disharmony {freeze,
                  | Int+4}
  3724 | Lair:1   | Reached ** piety under Sif Muna
  3788 | Lair:3   | Found the necklace of Bloodlust {*Rage Will++ Int-3 Slay+6}
  3816 | Lair:3   | Found a hole to the Spider Nest.
  3853 | Lair:3   | Noticed a manticore
  3853 | Lair:3   | Found a staircase to the Shoals.
  3871 | Lair:3   | Killed from afar by a wind drake

Illustrated notes

Levels and vault maps discovered:
D:1:      grunt_arrival_crossed_arrows, layout_basic,
          shapermc_ecumenical_altar_hornbeckon, minmay_tetromino_l2
D:2:      layout_loops_ring, serial_aquarium, aquarium_bridge_square
          [aquarium_subvault_balcony, aquarium_subvault_wall,
          aquarium_subvault_wall, aquarium_subvault_bridge],
          aquarium_bridge_straight [aquarium_subvault_bridge,
          aquarium_subvault_wall, aquarium_subvault_bridge,
          aquarium_subvault_window], aquarium_window_1, aquarium_window_corner,
          aquarium_window_fake, aquarium_view_2e, aquarium_view_2d,
          aquarium_balcony_3b, aquarium_pool_corner, basic_altar,
          minmay_misc_feat_square, serial_bayou_crossing
D:3:      layout_loops_ring, nicolae_dithmenos_the_darkroom, moated_statue,
          wander_ebering_terrifying_dragon_lair
D:4:      layout_cave_pools, mainiacjoe_overflow_surrounded_room
D:5:      layout_loops_ring, enter_ossuary_4, uniq_sigmund
D:6:      layout_loops_corners, overflow_temple_1_default, ashenzari_altar_1,
          guppyfry_shop_venom
D:7:      layout_gridville, nicolae_overflow_hidden_temple, temple_green,
          uniq_crazy_yiuf_cottage
D:8:      layout_rooms, nemelex_altar_shiori, elyvilon_altar_4, enter_bailey_8,
          nicolae_elemental_shop, corexii_hall_statues_l,
          nicolae_straight_to_the_point, uniq_maurice, uniq_prince_ribbit1
D:9:      minmay_inner_zag, layout_basic, nicolae_transporter_intersection
D:10:     layout_basic, erik_lair_dragon, nicolae_trove_entry_columns,
          uniq_erolcha
D:11:     layout_stronghold, serial_co_window_serial, co_window_paths_b,
          co_window_paths_a, co_window_corner_a, co_window_corner_a,
          co_window_paths_b, co_window_of_opportunity_a,
          co_window_of_opportunity_a, co_window_broadway_b,
          co_window_unsneaky_path_e, co_window_cross_3, co_window_2corner,
          co_window_paths_d, glass_columns_a, glass_columns_a, serial_shops,
          nicolae_stop_n_shop_1, nicolae_yredelemnul_ghost_church, uniq_psyche,
          uniq_fannar, uniq_snorg
D:12:     layout_irregular_city, david_orc_4
D:13:     layout_roguey, erik_vaults_1
Temple:   dpeg_chambers_temple
Lair:1:   minmay_lair_oklob_tunnel, layout_gridlike, grunt_megastairs_4
Lair:2:   layout_regular_city
Lair:3:   layout_regular_city, minmay_shoals_entry_beasts, dummy_spider_entry,
          serial_bayou_shore_a
Orc:1:    layout_caves, serial_shops, shop, abandoned_shop

Skill      XL: |  1  2  3  4  5  6  7  8  9 10 11 |
---------------+----------------------------------+-----
Spellcasting   | 3 4 5 6 8 10 11 12 | 12.6
Earth Magic    | 4 5 6 8 10 | 10.1
Conjurations   | 1 2 3 4 5 |  5.0
Fighting       | 1 |  1.1
Translocations | 5 7 |  7.8
Invocations    | 6 8 |  8.4
Short Blades   | 2 |  2.4
Stealth        | 2 |  2.4
Armour         | 3 |  3.0
Dodging        | |  2.5
Transmutations | |  1.3

Action                   |  1- 3 |  4- 6 |  7- 9 | 10-12 || total
-------------------------+-------+-------+-------+-------++-------
Melee: Short sword       |     3 |       |       |    18 ||    21
       Dagger            |     3 |       |    14 |       ||    17
       Whip              |       |    28 |     6 |       ||    34
       Punch             |       |       |       |     1 ||     1
       Quarterstaff      |       |       |       |     4 ||     4
 Cast: Sandblast         |    28 |    38 |    45 |    37 ||   148
       Passwall          |     1 |       |    21 |    15 ||    37
       Stone Arrow       |       |     4 |    47 |    93 ||   144
       Passage of Golubr |       |       |       |    34 ||    34
       Petrify           |       |       |       |     5 ||     5
       Tukima's Dance    |       |       |       |     1 ||     1
Evoke: Wand              |       |       |     5 |    12 ||    17
  Use: Scroll            |       |     5 |     8 |     7 ||    20
       Potion            |       |       |       |     2 ||     2
 Stab: Petrified         |       |       |       |     6 ||     6
       Sleeping          |       |       |       |     1 ||     1
Armor: Robe              |     4 |    15 |     8 |       ||    27
       Steam dragon scal |       |       |    16 |    34 ||    50
       Troll leather arm |       |       |       |     7 ||     7
Dodge: Dodged            |     5 |    18 |    41 |    46 ||   110
